 Dungeon Crawl Stone Soup version 0.31-a0-538-gbc85326fa9 (webtiles) character file.

Game seed: 1252140505931920790

125751 experimilk the Brawler (level 16, -2/176 HPs)
             Began as a Troll Gladiator on Aug 13, 2023.
             Was a High Priest of Ru.
             Succumbed to poison
             ... while paralysed by a fenstrider witch
             ... on level 2 of the Swamp.
             The game lasted 01:45:41 (28258 turns).

experimilk the Brawler (Troll Gladiator)           Turns: 28258, Time: 01:45:42

Health: -2/176     AC:  8    Str: 32    XL:     16   Next: 42%
Magic:  15/15      EV:  1    Int:  4    God:    Ru [*****.]
Gold:   221        SH:  0    Dex: 11    Spells: 15/15 levels left

rFire   . .          .
                       - Unarmed
rCold   . . .        (no shield)
rNeg    . . .        I - +2 troll leather armour
rPois   .            b - +0 hat
rElec   .            (no cloak)
rCorr   .            (gloves unavailable)
SInv    +            (boots unavailable)
Will    ++...        n - amulet of regeneration
Stlth   +            G - ring of see invisible
HPRegen 2.89/turn    m - ring "Sesozeru" {Will+ EV+5}
MPRegen 0.14/turn

%: no passive effects
@: paralysed, lethally poisoned (-2 -> -9), unable to drink
A: large, unfitting armour, claws 3, regeneration 1, shaggy fur 1, tough skin 1,
inability to drink after injury 2, inability to use devices, no necromancy
magic, no poison magic, no transmutations magic, no forms
a: Renounce Religion, Draw Out Power, Power Leap, Apocalypse


You were on level 2 of the Swamp.
You worshipped Ru.
Ru was extremely pleased with you.
You visited 5 branches of the dungeon, and saw 25 of its levels.
You visited 1 bazaar.
You also visited: Ice Cave.

You collected 2244 gold pieces.
You spent 2023 gold pieces at shops.

Inventory:

Missiles
 a - 30 poisoned darts
 g - 19 large rocks
 p - 61 stones
 q - 8 atropa-tipped darts
 s - 11 boomerangs (quivered)
 w - 2 darts of dispersal
Armour
 b - a +0 hat (worn)
 u - a +0 robe of cold resistance
 I - a +2 troll leather armour (worn)
Jewellery
 e - a +4 ring of protection
 m - the ring "Sesozeru" (right claw) {Will+ EV+5}
   (You bought it in a shop on level 2 of the Orcish Mines)

   [ring of evasion]

   EV+5:      It affects your evasion (+5).
   Will+:     It increases your willpower.
 n - an amulet of regeneration (around neck)
 y - a ring of positive energy
 A - a ring of positive energy
 B - a ring of positive energy
 F - an amulet of reflection
 G - a ring of see invisible (left claw)
 N - a ring of resist corrosion
Scrolls
 c - 3 scrolls of teleportation
 f - 2 scrolls of silence
 h - 4 scrolls of fog
 i - 2 scrolls of blinking
 j - 4 scrolls of vulnerability
 o - a scroll of immolation
 t - 4 scrolls of identify
 x - 4 scrolls of poison
 K - a scroll of revelation
 O - a scroll of fear
Potions
 d - 7 potions of heal wounds
 k - 2 potions of invisibility
 l - 10 potions of curing
 r - 2 potions of cancellation
 v - 2 potions of brilliance
 z - 3 potions of attraction
 C - 2 potions of might
 E - a potion of ambrosia
 J - a potion of berserk rage
 L - 6 potions of haste
 M - 2 potions of resistance
 P - 2 potions of enlightenment


   Skills:
 - Level 15.0 Fighting
 - Level 15.0 Throwing
 + Level 7.3 Armour
 + Level 7.3 Dodging
 - Level 15.0 Unarmed Combat


You had 15 spell levels left.
You didn't know any spells.
Your spell library contained the following spells:

 Spells                   Type           Power      Damage    Failure   Level
 Apportation              Tloc           0%         N/A       52%         1
 Foxfire                  Conj/Fire      0%         2x1d4     52%         1
 Freeze                   Ice            0%         1d3       52%         1
 Magic Dart               Conj           0%         1d3       52%         1
 Summon Small Mammal      Summ           0%         N/A       52%         1
 Ensorcelled Hibernation  Hex/Ice        0%         N/A       67%         2
 Searing Ray              Conj           0%         2d4       67%         2
 Static Discharge         Conj/Air       0%         2-2/arc   67%         2
 Frozen Ramparts          Ice            0%         1d1       88%         3
 Hailstorm                Conj/Ice       0%         3d3       88%         3
 Ozocubu's Armour         Ice            0%         N/A       88%         3
 Swiftness                Air            0%         N/A       88%         3
 Vhi's Electric Charge    Tloc/Air       0%         N/A       88%         3
 Volatile Blastmotes      Fire/Tloc      0%         2d10      88%         3
 Airstrike                Air            0%         2d(0-16)  99%         4
 Cause Fear               Hex            0%         N/A       99%         4
 Fulminant Prism          Conj/Hex       0%         3d5       99%         4
 Iskenderun's Mystic Bla  Conj/Tloc      0%         2d3       99%         4
 Manifold Assault         Tloc           0%         N/A       99%         4
 Sticky Flame             Conj/Fire      0%         2d3       99%         4
 Summon Ice Beast         Ice/Summ       0%         N/A       99%         4
 Summon Lightning Spire   Summ/Air       0%         N/A       99%         4
 Arcjolt                  Conj/Air       0%         1d10      100%        5
 Fireball                 Conj/Fire      0%         3d3       100%        5
 Summon Mana Viper        Hex/Summ       0%         N/A       100%        5
 Conjure Ball Lightning   Conj/Air       0%         3x3d6     100%        6
 Plasma Beam              Fire/Air       0%         2x1d10    100%        6
 Enfeeble                 Hex            0%         N/A       100%        7
 Monstrous Menagerie      Summ           0%         N/A       100%        7
 Summon Hydra             Summ           0%         N/A       100%        7
 Maxwell's Capacitive Co  Air            0%         ∞         100%        8
 Fire Storm               Conj/Fire      0%         5d1       100%        9
 Polar Vortex             Ice            0%         N/A       100%        9
 Necrotise                Necr           Unusable   1d4       N/A         1
 Cigotuvi's Dreadful Rot  Necr/Pois/Air  Unusable   N/A       N/A         2
 Sublimation of Blood     Necr           Unusable   N/A       N/A         2
 Wereblood                Tmut           Unusable   N/A       N/A         2
 Anguish                  Hex/Necr       Unusable   N/A       N/A         4
 Simulacrum               Ice/Necr       Unusable   N/A       N/A         6
 Borgnjor's Revivificati  Necr           Unusable   N/A       N/A         8

Dungeon Overview and Level Annotations

Branches:
Dungeon (15/15)            Temple (1/1) D:4            Lair (5/5) D:8
  Swamp (2/4) Lair:2       Spider (0/4) Lair:3        Slime (0/5) Lair:5
    Orc (2/2) D:10            Elf (0/3) Orc:2        Vaults (0/5) D:14
 Depths (0/4) D:15          IceCv (visited)

Altars:
Ashenzari
Cheibriados
Dithmenos
Elyvilon
Fedhas
Gozag
Hepliaklqana
Kikubaaqudgha
Makhleb
Nemelex Xobeh
Okawaru
Qazlal
Ru
Sif Muna
Trog
Uskayaw
Vehumet
Wu Jian
Xom
Yredelemnul
Zin
The Shining One
Jiyva

Shops:
D:2 !   D:11 ?   Orc:1 :   Orc:2 (*=*

Portals:
Pandemonium: Orc:2

Annotations:
D:4 1 runed translucent door, avis's ghost, novice HOMo
Swamp:2 Kirke


Innate Abilities, Weirdness & Mutations

You are too large for most types of armour.
You have claws for hands.
Your natural rate of healing is unusually fast.
You are covered in fur. (AC +1)
You have tough skin. (AC +1)
You sometimes lose the ability to drink potions when taking damage.
You cannot study or use magical devices.
You cannot study or cast Necromancy magic.
You cannot study or cast Poison magic.
You cannot study or cast Transmutations magic.
You cannot voluntarily change form.


Message History

The eleionoma begins to attack, but is stunned by your conviction!
A fenstrider witch comes into view.
You mangle the eleionoma!!
The eleionoma is severely wounded.
A bunyip comes into view.
The eleionoma touches a tree and draws upon its vitality.
The eleionoma is healed.
You claw the eleionoma!
The eleionoma is moderately wounded.
The eleionoma hurls a spray of splinters at you.
The spray of wooden splinters hits you!!
You claw the eleionoma!
The eleionoma is heavily wounded.
The fenstrider witch points at you and mumbles some strange words.
You suddenly lose the ability to move!
The eleionoma hits you.
The bunyip begins to attack, but is stunned by your conviction!
The eleionoma hurls a spray of splinters at you.
The spray of wooden splinters hits you!!
You feel threatened and lose the ability to drink potions!
The fenstrider witch gestures at you while chanting.
The toxic sludge hits you!!
You are poisoned.
Splash!
You fall into the toxic bog.
The eleionoma begins to attack, but is stunned by your conviction!
The bunyip howls a warning cry!
A four-headed hydra comes into view.
The four-headed hydra roars!
You hear an angry buzzing noise. x2
You fester in the toxic bog!
You are more poisoned.
You feel extremely sick.
The fenstrider witch begins to cast a spell, but is stunned by your conviction!
The eleionoma is stunned by your conviction and fails to attack.
The bunyip claws you!
* * * LOW HITPOINT WARNING * * *
The bunyip claws you!!
* * * LOW HITPOINT WARNING * * *
The bunyip claws you but does no damage.
You die...

♣♣♣♣♣
♣R@.♣ ♣♣♣
♣.~x♣.♣♣
♣.♣
♣.§~♣♣H~♣
♣.♣ ♣~~~~♣
♣♣.♣♣
♣♣~♣♣
§D~.♣ ♣.~♣
♣.~~♣ ~~~~
♣.~♣♣♣♣.♣♣
§.~ ♣...♣
♣.♣ ~~
♣♣..♣ ♣~♣
♣..♣♣♣~♣♣


You could see a bunyip (catching breath), an eleionoma, a four-headed hydra and
a fenstrider witch.

Vanquished Creatures
  Rupert (D:14)
  Agnes (D:14)
  A thorn hunter (Swamp:1)
  A tengu reaver (D:13)
  A frost giant (D:13)
  An orc warlord (Orc:1)
  2 eleionomae
  2 bunyips
  Josephine (Orc:1)
  4 vault guards (D:14)
  9 hydras
  3 ice dragons
  The ghost of liarliar the Basher, a journeyman AtBe of Trog (Lair:1)
  2 demonspawn (Orc:2)
  An ogre mage (D:15)
  2 catoblepae
  6 boulder beetles
  12 two-headed ogres
  4 centaur warriors
  A deep troll earth mage (D:13)
  2 alligators (Swamp:1)
  4 death yaks (Lair:5)
  7 orc high priests
  A deep troll shaman (Lair:5)
  2 tengu warriors (D:14)
  A vampire mage (Lair:5)
  2 skysharks
  Amaemon (Lair:2)
  4 goliath frogs (Swamp:1)
  3 skeletal warriors (D:15)
  2 wizards (D:14)
  3 lindwurms (Lair:5)
  11 ugly things
  A deep elf pyromancer (D:15)
  6 orc knights
  6 orc sorcerers (Orc:2)
  2 manticores
  5 cyclopes
  5 centaur zombies (D:15)
  11 elephants
  2 black mambas
  3 ice statues (IceCv)
  2 orange demons
  2 gargoyles
  9 cane toads
  An unseen horror (D:13)
  7 komodo dragons
  2 rime drakes
  A yaktaur (D:13)
  A kobold demonologist (D:14)
  A redback zombie (D:15)
  3 efreet (D:13)
  3 freezing wraiths
  A tengu conjurer (D:14)
  4 meliai (D:14)
  4 trolls
  4 tyrant leeches (Swamp:1)
  3 hornets
  2 bloated husks (Swamp:1)
  5 polar bears
  16 blink frogs
  A meliai zombie (D:15)
  5 shadows
  Sigmund (D:3)
  2 centaur simulacra (D:14)
  22 slime creatures
  3 wyverns
  9 wraiths
  48 yaks
  A yak (shapeshifter) (D:13)
  2 spriggans (Swamp:1)
  A human (Lair:5)
  A vampire (D:15)
  A basilisk (shapeshifter) (D:15)
  2 steam dragons
  2 redbacks (Lair:3)
  A death yak simulacrum (IceCv)
  12 vampire mosquitoes
  5 basilisks
  4 wargs (Orc:1)
  5 swamp worms (Swamp:1)
  2 acid dragons
  2 harpy simulacra (IceCv)
  Duvessa (D:7)
  20 water moccasins
  A hornet zombie (D:15)
  5 ice beasts
  2 sky beasts
  38 orc warriors
  6 black bears
  28 wolves
  5 ogres
  13 centaurs
  2 phantoms (D:4)
  2 kobold brigands
  15 bullfrogs
  2 gnoll sergeants
  2 scorpions
  2 cane toad simulacra (IceCv)
  21 wights
  Dowan (D:7)
  27 killer bees
  3 howler monkeys
  2 electric eels
  3 jellies (Lair:5)
  30 orc priests
  A gnoll bouda (D:4)
  19 orc wizards
  A sleepcap (D:5)
  Ijyb (D:3)
  2 polar bear simulacra (IceCv)
  18 gnolls
  7 adders
  2 shadow imps
  2 white imps
  An ufetubus (D:5)
  4 worms
  4 dart slugs
  86 orcs
  5 ball pythons
  6 endoplasms
  2 giant cockroaches
  14 goblins
  5 hobgoblins
  8 jackals
  2 quokkas
  10 bats
  A frilled lizard (D:1)
  12 kobolds
  A rat (D:2)
788 creatures vanquished.

Vanquished Creatures (others)
  A sphinx zombie (D:15)
  An orc knight (Orc:1)
  An ugly thing (D:13)
  A black mamba (Lair:5)
  A slime creature (D:14)
  A yak (Lair:3)
  An orc warrior (Orc:2)
  A centaur (D:13)
  An orc (Orc:1)
9 creatures vanquished.

Grand Total: 797 creatures vanquished

Notes
Turn   | Place    | Note
-------+----------+-------------------------------------------
     0 | D:1      | experimilk the Troll Gladiator began the quest for the Orb.
     0 | D:1      | Reached XP level 1. HP: 19/19 MP: 0/0
   136 | D:1      | Reached XP level 2. HP: 27/27 MP: 1/1
   617 | D:2      | Found Giokhesy's Distillery.
   623 | D:2      | Bought a potion of curing for 42 gold pieces
   990 | D:2      | Reached XP level 3. HP: 33/33 MP: 2/2
  1593 | D:3      | Found an opulent altar of Gozag.
  2109 | D:3      | Reached skill level 5 in Unarmed Combat
  2109 | D:3      | Reached XP level 4. HP: 22/41 MP: 3/3
  2184 | D:3      | Reached XP level 5. HP: 48/48 MP: 4/4
  2232 | D:3      | Found a snail-covered altar of Cheibriados.
  2258 | D:3      | Noticed Sigmund
  2389 | D:3      | Killed Sigmund
  2390 | D:3      | Reached XP level 6. HP: 35/55 MP: 5/5
  2821 | D:3      | Noticed Ijyb
  2840 | D:3      | Killed Ijyb
  3136 | D:4      | Found a staircase to the Ecumenical Temple.
  3209 | D:4      | Found a basalt altar of Yredelemnul.
  3260 | D:4      | Reached XP level 7. HP: 62/62 MP: 6/6
  3298 | Temple   | Entered the Ecumenical Temple
  3314 | Temple   | Became a worshipper of Ru the Awakened
  3388 | D:4      | Noticed avis's ghost (novice HOMo)
  3395 | D:4      | Found a runed translucent door.
  3446 | D:4      | Found an ornate altar of the Wu Jian Council.
  3784 | D:5      | Entered Level 5 of the Dungeon
  3881 | D:5      | Reached XP level 8. HP: 70/70 MP: 7/7
  3957 | D:5      | Identified the +1 scale mail of Gefal {rF+ Stlth+}
  3974 | D:5      | Reached skill level 10 in Unarmed Combat
  4036 | D:5      | You fall into a shaft and drop 2 floors!
  4478 | D:6      | Got the Almanac of Outbursts
  4500 | D:6      | Reached skill level 5 in Throwing
  4750 | D:6      | Gained mutation: You cannot voluntarily change form. [Ru
                  | sacrifice]
  4772 | D:6      | Reached XP level 9. HP: 73/76 MP: 8/8
  4944 | D:5      | Found a broken altar of Ashenzari.
  5002 | D:5      | Found a hide-covered altar of Uskayaw.
  5991 | D:7      | Found a radiant altar of Vehumet.
  6040 | D:7      | Noticed Duvessa
  6042 | D:7      | Noticed Dowan
  6049 | D:7      | Killed Duvessa
  6051 | D:7      | Killed Dowan
  6248 | D:7      | Reached skill level 10 in Throwing
  6264 | D:7      | Reached XP level 10. HP: 86/88 MP: 9/9
  6326 | D:7      | Found an ornate altar of the Wu Jian Council.
  6326 | D:7      | Found a shimmering altar of Xom.
  6354 | D:7      | Found a shimmering blue altar of Sif Muna.
  6354 | D:7      | Found a shimmering altar of Xom.
  6354 | D:7      | Found a broken altar of Ashenzari.
  6753 | D:8      | Found a staircase to the Lair.
  6803 | D:8      | Gained mutation: You occasionally lose the ability to drink
                  | potions when taking damage. [Ru sacrifice]
  6803 | D:8      | Gained mutation: You sometimes lose the ability to drink
                  | potions when taking damage. [Ru sacrifice]
  6803 | D:8      | Reached * piety under Ru
  6803 | D:8      | Reached ** piety under Ru
  7023 | D:8      | Found a glowing golden altar of the Shining One.
  7307 | D:8      | Found Zin's Purification Station.
  7310 | D:8      | Found a glowing silver altar of Zin.
  7316 | D:8      | Bought a potion of curing for 90 gold pieces
  7366 | D:8      | Reached skill level 5 in Fighting
  7426 | D:8      | Found a stormy altar of Qazlal.
  7427 | D:8      | Found a sparkling altar of Nemelex Xobeh.
  7428 | D:8      | Found a radiant altar of Vehumet.
  7429 | D:8      | Found a hazy altar of Hepliaklqana.
  7429 | D:8      | Found an iron altar of Okawaru.
  7495 | D:9      | Noticed a two-headed ogre
  7506 | D:9      | Killed a two-headed ogre
  8442 | D:10     | Entered Level 10 of the Dungeon
  8442 | D:10     | Noticed a two-headed ogre
  8450 | D:10     | Killed a two-headed ogre
  8451 | D:10     | Reached XP level 11. HP: 111/111 MP: 10/10
  8552 | D:10     | Found a burning altar of Makhleb.
  8722 | D:10     | Found a staircase to the Orcish Mines.
  8767 | D:10     | Noticed a two-headed ogre
  8775 | D:10     | Killed a two-headed ogre
  9252 | D:10     | Gained mutation: You cannot study or cast Poison magic. [Ru
                  | sacrifice]
  9252 | D:10     | Gained mutation: You cannot study or cast Transmutations
                  | magic. [Ru sacrifice]
  9252 | D:10     | Gained mutation: You cannot study or cast Necromancy magic.
                  | [Ru sacrifice]
  9252 | D:10     | Reached *** piety under Ru
  9377 | Lair:1   | Entered Level 1 of the Lair of Beasts
  9405 | Lair:1   | Noticed a catoblepas
  9728 | Lair:1   | Killed a catoblepas
  9729 | Lair:1   | Reached skill level 10 in Fighting
  9729 | Lair:1   | Reached skill level 1 in Armour
  9993 | Lair:1   | Found a large runed translucent door.
  9993 | Lair:1   | Found a large runed translucent door.
  9995 | Lair:1   | Noticed liarliar's ghost (journeyman AtBe)
 10908 | Lair:2   | Noticed Amaemon
 10921 | Lair:2   | Killed Amaemon
 10922 | Lair:2   | Reached skill level 5 in Armour
 10922 | Lair:2   | Reached XP level 12. HP: 111/126 MP: 11/11
 11005 | Lair:2   | Reached skill level 5 in Dodging
 11205 | Lair:2   | Found a staircase to the Swamp.
 11205 | Lair:2   | Noticed an eleionoma
 11218 | Lair:2   | Killed an eleionoma
 11884 | Lair:3   | Noticed a seven-headed hydra
 11904 | Lair:3   | Killed a seven-headed hydra
 11934 | Lair:3   | Gained mutation: You cannot study or use magical devices.
                  | [Ru sacrifice]
 11934 | Lair:3   | Reached **** piety under Ru
 11934 | Lair:3   | Reached ***** piety under Ru
 12256 | Lair:3   | Noticed a seven-headed hydra
 12278 | Lair:3   | Killed a seven-headed hydra
 12961 | Lair:3   | Found a hole to the Spider Nest.
 13432 | Lair:4   | Noticed a six-headed hydra
 13435 | Lair:4   | Killed a six-headed hydra
 13447 | Lair:4   | Reached XP level 13. HP: 115/133 MP: 6/12
 13895 | Lair:4   | Identified the +1 war axe of Xamep {flame, rN+ SInv}
 13967 | Lair:4   | You fall into a shaft and drop 1 floor!
 13967 | Lair:5   | Entered Level 5 of the Lair of Beasts
 13975 | Lair:5   | Reached skill level 15 in Unarmed Combat
 14203 | Lair:5   | Found a staircase to the Slime Pits.
 14204 | Lair:5   | Found a viscous altar of Jiyva.
 15249 | Lair:5   | Found a runed translucent door.
 16257 | Lair:5   | Identified the +1 arbalest "Xosus" {penet, Int+3 Dex+4
                  | Stlth+}
 16345 | Lair:5   | Reached XP level 14. HP: 124/143 MP: 13/13
 16566 | Lair:1   | Killed liarliar's ghost
 16772 | Orc:1    | Entered Level 1 of the Orcish Mines
 16944 | Orc:1    | Found Gomuth's Book Emporium.
 17355 | Orc:1    | Noticed Josephine
 17366 | Orc:1    | Killed Josephine
 17608 | Orc:2    | Entered Level 2 of the Orcish Mines
 17621 | Orc:2    | Noticed an orc warlord
 17638 | Orc:1    | Killed an orc warlord
 18559 | Orc:2    | Found a staircase to the Elven Halls.
 19161 | Orc:2    | Found Ityucrad's General Store.
 19223 | Orc:2    | Found Fapp's General Store.
 19268 | Orc:2    | Bought 5 atropa-tipped darts for 67 gold pieces
 19701 | Orc:2    | Reached skill level 15 in Throwing
 19768 | Orc:2    | Found Obrod's Jewellery Emporium.
 19768 | Orc:2    | Found Jiej's Antique Weapon Shoppe.
 19768 | Orc:2    | Found a one-way gate leading to the halls of Pandemonium.
 20139 | Orc:2    | Bought the ring "Sesozeru" {Will+ EV+5} for 680 gold pieces
 20141 | Orc:2    | Bought an amulet of regeneration for 420 gold pieces
 21298 | D:11     | Found Peskasa's Magic Scroll Emporium.
 21301 | D:11     | Bought a scroll of teleportation for 39 gold pieces
 21301 | D:11     | Bought a scroll of blinking for 97 gold pieces
 21301 | D:11     | Bought a scroll of fog for 52 gold pieces
 21301 | D:11     | Bought a scroll of blinking for 97 gold pieces
 21688 | D:12     | Found a flickering gateway to a bazaar.
 21698 | Bazaar   | Entered a bazaar
 21700 | Bazaar   | Found Fidetzoi's Jewellery Boutique.
 21704 | Bazaar   | Found Rosk's Antique Weapon Boutique.
 21704 | Bazaar   | Found Xiceciow's Assorted Antiques.
 21705 | Bazaar   | Found Rydur's Armour Boutique.
 22830 | D:13     | Noticed a tengu reaver
 22835 | D:13     | Noticed a frost giant
 22838 | D:13     | Killed a tengu reaver
 22839 | D:13     | Reached XP level 15. HP: 142/156 MP: 14/14
 22841 | D:13     | Identified the +8 hand axe of Agony {holy, Drain rElec rC++
                  | Dex+4}
 22865 | D:13     | Killed a frost giant
 22960 | D:13     | Identified the +3 halberd of the Changing Saviour {freeze,
                  | rC+ Str+4}
 22974 | D:13     | Got the Papyrus of Conduction and Refrigeration
 23269 | D:13     | Found a frozen archway.
 23329 | IceCv    | Entered an ice cave
 23633 | IceCv    | Got the Guide on the Sky
 23638 | IceCv    | Got the Octavo of Baldness
 23951 | D:14     | Noticed Rupert
 23960 | D:14     | Killed Rupert
 24212 | D:14     | Noticed Agnes
 24230 | D:14     | Killed Agnes
 24563 | D:14     | Found a bloodstained altar of Trog.
 24741 | D:14     | Found a gate to the Vaults.
 25332 | D:15     | Entered Level 15 of the Dungeon
 25339 | D:15     | Got Rutwas Zij's Guidebook on Soot and the Grave
 25485 | D:15     | Reached skill level 15 in Fighting
 25594 | D:15     | Reached XP level 16. HP: 137/176 MP: 15/15
 25648 | D:15     | Found a radiant altar of Vehumet.
 25996 | D:15     | Found a staircase to the Depths.
 26288 | Swamp:1  | Entered Level 1 of the Swamp
 26421 | D:11     | Bought a scroll of teleportation for 39 gold pieces
 26637 | D:2      | Bought 2 potions of cancellation for 224 gold pieces
 26637 | D:2      | Bought a potion of might for 56 gold pieces
 26864 | Orc:2    | Bought 3 scrolls of identify for 90 gold pieces
 26864 | Orc:2    | Bought a scroll of identify for 30 gold pieces
 27702 | Swamp:1  | Noticed a thorn hunter
 27713 | Swamp:1  | Killed a thorn hunter
 28145 | Swamp:2  | Noticed Kirke
 28253 | Swamp:2  | Paralysed by a fenstrider witch for 5 turns
 28257 | Swamp:2  | HP: 1/176 [bunyip (26)]
 28258 | Swamp:2  | Succumbed to poison

Illustrated notes

Levels and vault maps discovered:
D:1:      dpeg_arrival_round_a, layout_basic, minmay_box_of_dots
D:2:      layout_loops_corners, serial_shops, shop
D:3:      kennysheep_goblin_castle, layout_loops_ring, cheibrodos_worm_habitat,
          mainiacjoe_overflow_brackets, uniq_sigmund
D:4:      layout_cave_pools, yredelemnul_altar_generic,
          nzn_wu_jian_contemplation, minmay_temple_entry_statues_fountains,
          hellmonk_ghost_happy_afterlife
D:5:      layout_rooms, mainiacjoe_overflow_chevrons, marbit_many_paths
D:6:      layout_rooms, nicolae_zen_rock_garden
D:7:      layout_basic, doesnt_xom_only_xom, enter_bailey_5, uniq_duvessa
D:8:      layout_basic, zin_purify, grunt_temple_overflow_open,
          mainiacjoe_overflow_paths, lair_entry_dummy
D:9:      layout_big_octagon
D:10:     layout_gridville, old_standard_altar, david_orc_2
D:11:     layout_irregular_city, serial_shops, nicolae_shop_rolled_up
D:12:     layout_loops_corners, serial_shops, bzr_entry_gold
D:13:     layout_roguey, portal_ice_cave_entry_animals_and_master,
          nicolae_doodle_vault
D:14:     layout_rooms, lightli_vaults_fourway_checkpoint, chequers_big_river,
          minmay_tree_intersection, trog_three_pillars_becter, uniq_agnes,
          uniq_rupert
D:15:     grunt_enter_depths_hoard, layout_cave_pools,
          dreamdust_mushroom_princess, serial_undead, serial_undead_e,
          serial_undead_f, serial_undead_a, serial_undead_f, serial_undead_b,
          serial_undead_a, vehumet_altar_wand_db
Temple:   nicolae_temple_great_sept
Lair:1:   hellmonk_destroyed_diamonds, layout_gridlike,
          ebering_ghost_disaster_area, grunt_megastairs_4
Lair:2:   layout_loops_ring, alex1729_swamp_entry_worm_eleionoma,
          lemuel_fruit_tree, lemuel_fruit_fields, uniq_amaemon
Lair:3:   layout_regular_city, spider_nest_entry_webs
Lair:4:   layout_regular_city
Lair:5:   grunt_lair_end_beastmaster, layout_regular_city,
          nicolae_slime_entry_field_trip, pdpol_lair_cabin_in_the_woods,
          grunt_megastairs_3, serial_bayou_shore_b
Swamp:1:  layout_basic_swamp, serial_swamp_ruin, hangedman_swamp_ruin_wall,
          evilmike_swamp_ruin_rubble_2, grunt_hermit_hut
Swamp:2:  layout_falls_marsh, ebering_ghost_inner_flame,
          infiniplex_staircase_pool_2, uniq_kirke
Orc:1:    layout_caves, serial_shops, shop, nicolae_orc_stony_grotto,
          uniq_josephine
Orc:2:    pf_orc_diabolical, layout_caves, roderic_batcave

Skill      XL: |  1  2  3  4  5  6  7  8  9 10 11 12 13 14 15 16 |
---------------+-------------------------------------------------+-----
Unarmed Combat | 4 5 7 8 9 10 14 15 | 15.0
Throwing       | 6 10 13 15 | 15.0
Fighting       | 2 8 10 12 15 | 15.0
Armour         | 5 7 |  7.3
Dodging        | 4 5 7 |  7.3

Action                     |  1- 3 |  4- 6 |  7- 9 | 10-12 | 13-15 | 16-18 || total
---------------------------+-------+-------+-------+-------+-------+-------++-------
  Melee: Unarmed           |   105 |    89 |   229 |   431 |   843 |   101 ||  1798
         Punch             |     1 |     4 |     7 |    30 |    77 |    10 ||   129
  Throw: Stone             |     9 |     4 |    29 |    34 |    81 |       ||   157
         Dart              |     4 |     3 |    28 |   157 |   172 |    17 ||   381
         Large rock        |       |     1 |    11 |    27 |    67 |    45 ||   151
         Throwing net      |       |     1 |       |     9 |     4 |       ||    14
         Boomerang         |       |       |    21 |    83 |   118 |    82 ||   304
 Invoke: Sacrifice Forms   |       |       |     1 |       |       |       ||     1
         Sacrifice Drink   |       |       |       |     1 |       |       ||     1
         Sacrifice Arcana  |       |       |       |     1 |       |       ||     1
         Power Leap        |       |       |       |     2 |    11 |     3 ||    16
         Apocalypse        |       |       |       |     1 |     6 |       ||     7
         Sacrifice Artific |       |       |       |     1 |       |       ||     1
         Reject Sacrifices |       |       |       |       |     2 |       ||     2
         Draw Out Power    |       |       |       |       |     1 |     1 ||     2
  Evoke: Wand              |       |     2 |     5 |     5 |       |       ||    12
    Use: Scroll            |     1 |       |       |    14 |    19 |     1 ||    35
         Potion            |       |       |     1 |       |     1 |       ||     2
   Stab: Sleeping          |     2 |       |       |       |       |       ||     2
         Held in net/web   |       |       |       |     3 |     2 |       ||     5
         Invisible         |       |       |       |     4 |    11 |     1 ||    16
         Paralysed         |       |       |       |       |     9 |       ||     9
         Distracted        |       |       |       |       |     5 |       ||     5
 Armour: Robe              |    50 |    20 |    73 |    31 |       |       ||   174
         Troll leather arm |       |       |       |    59 |   156 |    15 ||   230
  Dodge: Dodged            |    44 |    73 |   132 |   298 |   577 |    77 ||  1201

Table legend: (Time is in decaauts)
 A = Elapsed time spent in this place.
 B = Non-inter-level travel time spent in this place.
 C = Inter-level travel time spent in this place.
 D = Time resting spent in this place.
 E = Time spent auto-exploring this place.
 F = Levels seen in this place.
 G = Mean time per level.
                   A        B        C        D        E       F      G
               +--------+--------+--------+--------+--------+-----+--------+
         Total |  27709 |  25518 |   2191 |   5732 |  13748 |  27 | 1026.3 |
       Dungeon |  15695 |  14199 |   1496 |   3082 |   7976 |  15 | 1046.3 |
        Temple |     26 |     17 |      9 |      0 |      0 |   1 |   26.0 |
          Lair |   7011 |   6681 |    330 |    856 |   4291 |   5 | 1402.2 |
         Swamp |   1232 |   1148 |     84 |    368 |    491 |   2 |  616.0 |
  Orcish Mines |   3375 |   3104 |    271 |   1306 |    922 |   2 | 1687.5 |
        Bazaar |     32 |     32 |      0 |      0 |     26 |   1 |   32.0 |
      Ice Cave |    336 |    336 |      0 |    119 |     42 |   1 |  336.0 |
               +--------+--------+--------+--------+--------+-----+--------+

Top non-repeatable levels by time:
  Lair:5: 1932 daAuts
   Orc:2: 1896 daAuts
  Lair:3: 1668 daAuts
     D:8: 1666 daAuts
     D:3: 1517 daAuts
   Orc:1: 1478 daAuts
    D:10: 1448 daAuts
    D:14: 1392 daAuts
    D:11: 1333 daAuts
  Lair:1: 1295 daAuts
     D:7: 1202 daAuts
 Swamp:1: 1160 daAuts
     D:2: 1119 daAuts
  Lair:4: 1100 daAuts
     D:6: 1031 daAuts
